AoeStats
← Ady9204

Arena

509792131Analyzed
2v2 RM · 6d ago on Sep 28, 2026· 55m 57s· 4 players
Game mode
Random Map
Map size
Medium (4 player)
Population
200
Speed
Normal
Resources
Standard
Victory
Conquest
Starting age
Dark Age
Ending age
Imperial Age
RankedLock teamsTeams togetherTeam positionsShared explorationLock speedFull tech treeHidden civsTurbo modeCheats
Victory
Defeat
🇺🇸 Inca · United States
815
+13
🇺🇸 Portuguese · United States
713
+17
🇲🇽 Persians · Mexico
749
-30
🇨🇴 Hindustanis · Colombia
743
-26
nimiboyd
10:27 Feudal Age
11:47 Wheelbarrow
11:02 Double-Bit Axe
10:59 Horse Collar
17:25 Castle Age
16:04 Stone Mining
17:20 Gold Mining
20:48 Hand Cart
21:20 Crossbowman
25:11 Padded Archer Armor
28:47 Thumb Ring
37:43 Leather Archer Armor
37:18 Fletching
37:34 Scale Barding Armor
45:44 Town Watch
45:46 Loom
46:01 Bodkin Arrow
46:16 Forging
48:05 Bow Saw
49:19 Stone Shaft Mining
53:50 Imperial Age
51:25 Town Patrol
52:03 Iron Casting
51:41 Heavy Plow
54:10 Bloodlines
54:02 Husbandry
55:11 Ring Archer Armor
55:43 Ballistics
56:26 Chemistry
MGGM922
9:17 Loom
11:17 Feudal Age
13:15 Horse Collar
13:23 Double-Bit Axe
18:30 Castle Age
16:34 Gold Mining
21:17 Wheelbarrow
21:20 Bow Saw
21:16 Heavy Plow
22:08 Hand Cart
21:58 Town Watch
23:46 Scale Mail Armor
24:08 Pikeman
25:16 Forging
25:59 Stone Mining
29:40 Squires
30:38 Fletching
34:45 Imperial Age
32:13 Champi Runner
32:39 Arson
33:09 Padded Archer Armor
35:19 Iron Casting
35:00 Chain Mail Armor
35:42 Bodkin Arrow
36:03 Leather Archer Armor
36:49 Blast Furnace
37:35 Plate Mail Armor
37:06 Bracer
37:42 Conscription
39:43 Ring Archer Armor
38:39 Elite Skirmisher
39:25 Thumb Ring
38:57 Halberdier
40:45 Andean Sling
41:22 Ballistics
41:44 Champi Warrior
42:57 Elite Champi Warrior
44:31 Fabric Shields
44:51 Fortified Wall
46:01 Chemistry
45:13 Elite Kamayuk
CastWind6346
10:26 Feudal Age
11:06 Loom
11:12 Double-Bit Axe
11:09 Horse Collar
16:54 Castle Age
15:16 Stone Mining
18:07 Wheelbarrow
21:29 Scale Barding Armor
22:27 Bloodlines
22:17 Gold Mining
24:04 Forging
27:39 Scale Mail Armor
28:25 Chain Barding Armor
31:15 Chain Mail Armor
35:32 Imperial Age
34:21 Iron Casting
33:54 Husbandry
34:11 Town Watch
34:52 Grand Trunk Road
35:45 Bow Saw
37:37 Padded Archer Armor
37:29 Fletching
38:54 Chemistry
38:16 Ballistics
38:35 Heavy Camel Rider
40:14 Conscription
39:56 Shatagni
42:08 Hand Cart
43:45 Leather Archer Armor
47:24 Blast Furnace
50:25 Ring Archer Armor
Ady9204
2:27 Loom
13:31 Feudal Age
13:51 Horse Collar
14:00 Double-Bit Axe
14:55 Wheelbarrow
15:03 Wheelbarrow
15:14 Wheelbarrow
15:36 Town Watch
15:58 Gold Mining
25:15 Castle Age
24:34 Forging
24:25 Scale Mail Armor
27:09 Hand Cart
29:13 Pikeman
38:32 Squires
37:58 Man-at-Arms
38:06 Man-at-Arms
42:49 Imperial Age
40:49 Long Swordsman
51:31 Imperial Age
Connection lost

Rejoining the realm…

Still unreachable

The connection could not be restored.

Session expired

The server has moved on; the page needs a fresh start.